Selects Australian Defense Battlegroup
Selects Australian Defense Battlegroup
Selects Australian Light Infantry Section
Australian Light Infantry Section
Australian Light Infantry Section
Australian Light Infantry Section
Selects 2-pounder Anti-tank Gun Team
2-pounder Anti-tank Gun Team
Construct Section Command Post
Construct Field Infirmary
Construct Platoon Command Post
Construct Company Command Post
Australian Light Infantry Section
Selects CMP 15cwt Supply Run
Selects Reinforced Resource Caches
Unlock M3 Grant Medium Tanks
6-pounder Anti-tank Gun Team
Selects Charged Creeping Barrage
Selects Vehicle Over Repair